 Dungeon Crawl Stone Soup version 0.18-a0-1788-g92de1ac (webtiles) character file.

1306 shmeve the Shield-Bearer (level 8, -4/65 HPs)
             Began as a Formicid Fighter on Apr 19, 2016.
             Slain by an orc warrior
             ... wielding a +0 mace
              (16 damage)
             ... on level 6 of the Dungeon on Apr 23, 2016.
             The game lasted 00:14:06 (5360 turns).

shmeve the Shield-Bearer (Formicid Fighter)         Turns: 5360, Time: 00:14:06

Health: -4/65      AC: 15    Str: 23    XL:     8   Next: 88%
Magic:  8/8        EV:  7    Int:  8    God:
Gold:   273        SH: 10    Dex: 10    Spells: 0 memorised, 7 levels left

rFire  . . .     SeeInvis +     a - +1 war axe
rCold  . . .     Gourm    .     p - +0 plate armour
rNeg   . . .     Faith    .     c - +0 shield
rPois  .         Spirit   .     (helmet unavailable)
rElec  .         Dismiss  .     (no cloak)
rCorr  +         Reflect  .     (no gloves)
SustAt .         Harm     .     y - +2 pair of boots
MR     +....                    (no amulet)
Stlth  ..........               D - ring of resist corrosion
                                l - ring of protection from magic

@: somewhat resistant to hostile enchantments, extremely unstealthy
A: permanent stasis, dig shafts and tunnels, four strong arms, antennae 3
a: Dig, Shaft Self


You were on level 6 of the Dungeon.
You were near starving.

You visited 2 branches of the dungeon, and saw 7 of its levels.
You also visited: Ossuary.

You collected 273 gold pieces.

Inventory:

Hand Weapons
 a - a +1 war axe (weapon)
Missiles
 n - 38 bolts
Armour
 c - a +0 shield (worn)
 p - a +0 plate armour (worn)
 y - a +2 pair of boots (worn)
Jewellery
 l - a ring of protection from magic (left hand)
 D - a ring of resist corrosion (right hand)
Scrolls
 b - a scroll of fear {unknown}
 h - a scroll of amnesia
 m - 2 scrolls of remove curse
 q - a scroll of enchant armour
 v - 3 scrolls of random uselessness
 w - 5 scrolls of noise
Potions
 g - 6 potions of curing {unknown}
 i - 2 potions of flight {unknown}
 j - a potion of mutation {unknown}
 k - a potion of lignification {unknown}
 o - 2 potions of cancellation {unknown}
 s - a potion of magic {unknown}
 u - 6 potions of degeneration {unknown}
 x - a potion of invisibility {unknown}
 z - 2 potions of haste {unknown}
 A - a potion of heal wounds {unknown}
Comestibles
 f - 4 bread rations
 r - a meat ration
 F - a beef jerky


   Skills:
 * Level 6.5 Fighting
 * Level 5.6 Axes
 + Level 5.1 Armour
 + Level 2.7 Dodging
 * Level 6.8 Shields


You had 7 spell levels left.
You didn't know any spells.

Dungeon Overview and Level Annotations

Branches:
Dungeon (6/15)             Temple (1/1) D:5

Altars:
Cheibriados
Kikubaaqudgha
Nemelex Xobeh
Pakellas
Ru
Vehumet


Innate Abilities, Weirdness & Mutations

You are under a permanent stasis effect.
You can dig through walls and to a lower floor.
Your four strong arms can wield two-handed weapons with a shield.
You have a pair of large antennae on your head (SInv).


Message History

Unknown command.
You slash the orc warrior!
The orc warrior is moderately wounded.
You slash the orc priest!
You kill the orc priest!
The orc warrior hits you with a mace!
* * * LOW HITPOINT WARNING * * *
You hit the orc warrior but do no damage.
The orc warrior is moderately wounded.
The orc warrior hits you but does no damage.
Unknown command.
You hit the orc warrior.
The orc warrior is heavily wounded.
The orc warrior barely misses you.
You slash the orc warrior!
The orc warrior is severely wounded.
The orc warrior hits you with a mace.
* * * LOW HITPOINT WARNING * * *
The orc warrior hits you with a mace!
You die...

...... ..(.. ....######
o........# .......#
o.....(#
#.....#+###)[...#
#.....#...)@o...+
#.....#...#.....###
#.....#.> #........
#.....#. #........
##+###.....#####........
........................
........................
........................
.....................###


You could see an orc warrior.

Vanquished Creatures
  The ghost of Crossbreed666 the Cutter, an amateur DsGl (D:3)
  Sigmund (D:3)
  A steam dragon (D:4)
  2 phantoms
  A centaur (D:6)
  A howler monkey (D:5)
  A centaur zombie (Ossuary)
  2 crimson imps (D:5)
  A centaur skeleton (D:5)
  2 orc wizards
  2 orc priests
  An iguana (D:4)
  2 worker ants (D:4)
  2 hound skeletons
  2 mummies (Ossuary)
  Robin (D:3)
  7 adders
  An adder skeleton (D:5)
  4 worms
  2 dart slugs (D:1)
  A giant gecko (D:3)
  13 orcs
  5 bats
  3 giant cockroaches
  13 goblins
  9 hobgoblins
  8 jackals
  2 ball pythons
  7 giant newts
  2 goblin zombies (Ossuary)
  A hobgoblin zombie (Ossuary)
  4 kobolds
  3 kobold zombies (Ossuary)
  An orc zombie (Ossuary)
  A quokka zombie (D:6)
  2 rats (D:1)
112 creatures vanquished.

Vanquished Creatures (others)
  A crocodile (D:3)
1 creature vanquished.

Grand Total: 113 creatures vanquished

Notes
Turn   | Place    | Note
--------------------------------------------------------------
     0 | D:1      | shmeve the Formicid Fighter began the quest for the Orb.
     0 | D:1      | Reached XP level 1. HP: 18/18 MP: 1/1
    73 | D:1      | Reached XP level 2. HP: 17/24 MP: 2/2
   207 | D:1      | Reached XP level 3. HP: 24/29 MP: 3/3
   578 | D:2      | Found a snail-covered altar of Cheibriados.
   900 | D:2      | Reached XP level 4. HP: 37/37 MP: 4/4
  1167 | D:3      | Noticed Sigmund
  1176 | D:3      | Killed Sigmund
  1176 | D:3      | Reached XP level 5. HP: 11/43 MP: 5/5
  1176 | D:3      | Reached XP level 6. HP: 12/49 MP: 6/6
  1912 | D:3      | Found a radiant altar of Vehumet.
  1920 | D:3      | Reached skill level 1 in Dodging
  2158 | D:3      | Noticed Crossbreed666's ghost (amateur DsGl)
  2207 | D:3      | Killed Crossbreed666's ghost
  2207 | D:3      | Reached skill level 5 in Fighting
  2207 | D:3      | Reached skill level 5 in Shields
  2207 | D:3      | Reached XP level 7. HP: 14/56 MP: 7/7
  2442 | D:3      | Noticed Robin
  2453 | D:3      | Killed Robin
  2483 | D:3      | Found a sparkling altar of Nemelex Xobeh.
  2596 | D:3      | Found an oddly glowing altar of Pakellas.
  2596 | D:3      | Noticed an orange crystal statue
  2818 | D:4      | Found a sand-covered staircase.
  2863 | Ossuary  | Entered an ossuary
  3089 | D:4      | Noticed a steam dragon
  3103 | D:4      | Killed a steam dragon
  3306 | D:4      | Found a sacrificial altar of Ru.
  3526 | D:4      | Reached XP level 8. HP: 60/64 MP: 8/8
  4189 | D:5      | Entered Level 5 of the Dungeon
  4208 | D:5      | Reached skill level 5 in Axes
  4215 | D:5      | Found an ancient bone altar of Kikubaaqudgha.
  4504 | D:5      | Reached skill level 5 in Armour
  4508 | D:5      | HP: 2/64 [orc/flail (2)]
  4963 | D:5      | Found a staircase to the Ecumenical Temple.
  5254 | Temple   | Entered the Ecumenical Temple
  5360 | D:6      | Slain by an orc warrior

Vault maps used:
D:1:      lemuel_arrival_room
D:2:      overflow_temple_1_default
D:3:      vehumet_crystals, gammafunk_pakellas_statue_experiment, first_bread,
          nemelex_lonely_heart_becter, uniq_sigmund, uniq_robin
D:4:      mumra_celtic_spiral_tile, nicolae_ru_path_of_blood,
          nicolae_ossuary_entry_false_entrances
D:5:      kiku_gazebo_pond_becter, temple_statues, minmay_misc_feat_doors
D:6:      kennysheep_housing_project, grunt_gozag_breadcrumbs, kennysheep_mini
Temple:   minmay_temple_curvy_8
Ossuary:  ossuary_crypta

Skill      XL: |  1  2  3  4  5  6  7  8 |
---------------+-------------------------+-----
Shields        | 4 5 6 |  6.8
Fighting       | 4 5 6 |  6.5
Axes           | 3 4 5 |  5.6
Armour         | 4 5 |  5.1
Dodging        | 1 2 |  2.7

Action                   |  1- 3 |  4- 6 |  7- 9 || total
-------------------------+-------+-------+-------++-------
Melee: War axe           |    86 |    91 |   261 ||   438
 Abil: Dig               |       |       |     2 ||     2
  Use: Potion            |       |       |     1 ||     1
       Scroll            |       |       |    11 ||    11
  Eat: Chunk             |       |     4 |     8 ||    12
       Royal jelly       |       |       |     1 ||     1
Armor: Scale mail        |    49 |     3 |       ||    52
       Plate armour      |       |    35 |   153 ||   188
Dodge: Dodged            |    40 |    20 |    65 ||   125
Block: Shield            |    53 |    50 |   158 ||   261
